 Dungeon Crawl Stone Soup version 0.24-a0-696-gd18775d (webtiles) character file.

Game seed: 8150458521523597256, levelgen mode: deterministic

22437 schets the Demonic Catastrophe (level 12, -3/100 HPs)
             Began as a Demonspawn Monk on Sept 28, 2019.
             Was an Elder of Qazlal.
             Slain by a freezing wraith (9 damage)
             ... on level 14 of the Dungeon.
             The game lasted 00:31:23 (20869 turns).

schets the Demonic Catastrophe (Demonspawn Monk)   Turns: 20869, Time: 00:31:24

Health: -3/100     AC: 27    Str: 16    XL:     12   Next: 63%
Magic:  20/20      EV:  8    Int: 12    God:    Qazlal [****..]
Gold:   338        SH:  5    Dex: 16    Spells: 11/11 levels left

rFire    . . .     SeeInvis +     - Unarmed
rCold    . . .     Gourm    .   (no shield)
rNeg     . . .     Faith    .   T - +0 plate armour
rPois    .         Spirit   .   M - +1 hat
rElec    .         Reflect  .   C - +0 cloak
rCorr    .         Harm     .   x - +0 pair of gloves
MR       +....                  J - +0 pair of boots
Stlth    ..........             (no amulet)
HPRegen  0.26/turn              h - ring of protection from magic
MPRegen  0.17/turn              S - ring of see invisible

@: sanguine armour, slowed, repel missiles, very slow
A: horns 1, foul stench 1, powered by death 2, rot immunity, sanguine armour 2
a: Upheaval, Elemental Force, Renounce Religion


You were on level 14 of the Dungeon.
You worshipped Qazlal.
Qazlal was greatly pleased with you.
You were very hungry.

You visited 2 branches of the dungeon, and saw 15 of its levels.

You collected 898 gold pieces.
You spent 560 gold pieces at shops.

Inventory:

Missiles
 c - 31 poisoned darts (quivered)
 t - 8 datura-tipped darts
Armour
 x - a +0 pair of gloves (worn)
 C - a +0 cloak (worn)
 J - a +0 pair of boots (worn)
 M - a +1 hat (worn)
 T - a +0 plate armour (worn)
Jewellery
 h - a ring of protection from magic (left hand)
 R - an uncursed ring of resist corrosion
 S - a ring of see invisible (right hand)
 X - an uncursed ring of positive energy
Wands
 s - a wand of polymorph (24)
 w - a wand of flame (23)
 E - a wand of scattershot (3)
 G - a wand of acid (2)
 H - a wand of paralysis (7)
 I - a wand of digging (11)
 N - a wand of disintegration (7)
 P - a wand of random effects (20)
Scrolls
 d - 2 scrolls of fog
 f - a scroll of noise {unknown}
 i - a scroll of random uselessness {unknown}
 j - 2 scrolls of enchant armour {unknown}
 n - 3 scrolls of fear {unknown}
 o - a scroll of amnesia {unknown}
 q - 3 scrolls of teleportation
 r - 5 scrolls of remove curse
 y - a scroll of enchant weapon {unknown}
 z - a scroll of vulnerability {unknown}
 A - a scroll of immolation {unknown}
 D - 2 scrolls of blinking
 U - a scroll of brand weapon {unknown}
Potions
 a - 2 potions of magic
 e - 3 potions of might
 g - 4 potions of lignification
 k - 3 potions of ambrosia {unknown}
 l - 2 potions of resistance {unknown}
 m - 5 potions of curing
 p - 2 potions of brilliance {unknown}
 u - a potion of cancellation {unknown}
 v - 6 potions of flight
 F - 4 potions of degeneration {unknown}
 K - a potion of agility {unknown}
 L - 2 potions of invisibility {unknown}
 Q - a potion of heal wounds {unknown}
 V - 3 potions of mutation
 Y - a potion of haste {unknown}
Miscellaneous
 W - a lamp of fire
Comestibles
 b - 24 rations


   Skills:
 * Level 11.4 Fighting
 + Level 7.0 Armour
 + Level 7.5 Dodging
 - Level 1.7 Stealth
 * Level 10.5 Unarmed Combat
 + Level 11.4 Invocations
 + Level 4.0 Evocations


You had 11 spell levels left.
You didn't know any spells.
Your spell library contained the following spells:

 Spells                   Type           Power        Failure   Level  Hunger
 Animate Skeleton         Necr           N/A          100%        1    ##.....
 Corona                   Hex            #......      100%        1    ##.....
 Pain                     Necr           #...         100%        1    ##.....
 Shock                    Conj/Air       #...         100%        1    ##.....
 Ensorcelled Hibernation  Hex/Ice        #.....       100%        2    ###....
 Sublimation of Blood     Necr           #.........   100%        2    ###....
 Swiftness                Chrm/Air       #.......     100%        2    ###....
 Confuse                  Hex            #.......     100%        3    ####...
 Dazzling Spray           Conj/Hex       #.....       100%        3    ####...
 Ignite Poison            Fire/Tmut/Pois #.......     100%        3    ####...
 Regeneration             Chrm/Necr      #.........   100%        3    ####...
 Static Discharge         Conj/Air       #.......     100%        3    ####...
 Tukima's Dance           Hex            #.......     100%        3    ####...
 Vampiric Draining        Necr           #.........   100%        3    ####...
 Airstrike                Air            #.........   100%        4    #####..
 Animate Dead             Necr           N/A          100%        4    #####..
 Petrify                  Tmut/Erth      #.......     100%        4    #####..
 Alistair's Intoxication  Tmut/Pois      #.......     100%        5    ######.
 Irradiate                Conj/Tmut      #.........   100%        5    ######.
 Lightning Bolt           Conj/Air       #.........   100%        5    ######.


Dungeon Overview and Level Annotations

Branches:
Dungeon (14/15)            Temple (0/1) D:5            Lair (0/6) D:10
    Orc (1/2) D:11
 Vaults: D:13-14

Altars:
Dithmenos
Elyvilon
Kikubaaqudgha
Makhleb
Qazlal
Ru
Xom
Beogh

Shops:
D:5 ?   D:7 }   D:11 *

Annotations:
D:11 exclusion: downstairs


Innate Abilities, Weirdness & Mutations

You have a pair of small horns on your head.
You may emit foul miasma when damaged in melee.
You regenerate health from kills.
You are immune to rotting.
When seriously injured, your bleeding wounds create thick armour. (AC +9)


Message History

The freezing wraith is severely damaged.
The freezing wraith hits you. The freezing wraith freezes you!
The freezing wraith barely misses you.
You hit the freezing wraith but do no damage.
You punch the freezing wraith, but do no damage.
The freezing wraith is severely damaged.
The freezing wraith hits you but does no damage. x2
You punch the freezing wraith!
The freezing wraith is almost destroyed.
The freezing wraith hits you but does no damage. x2
You hit the freezing wraith but do no damage.
The freezing wraith is almost destroyed.
The freezing wraith hits you. The freezing wraith freezes you!!
* * * LOW HITPOINT WARNING * * *
The freezing wraith hits you.
* * * LOW HITPOINT WARNING * * *
The freezing wraith drains your vigour!
You feel as though you will be slow longer.
The freezing wraith hits you!
You die...

#... ##...#
##§§..§#
##§§§.§.§##
#§§§§..§§.###
§§§§..§§§...#
...§§_.°§§..#
§..§§☼§§§§..#
§§§§.W@§§#.#
#§§§.§§§##.#
##§...§###.#
##..§####.###
.....#......#
. .#
###.###....###
.#####.# #.
#.#...#
...#... ..
#.#.....#
#.#.#
#.#.#####


You could see a freezing wraith.

Vanquished Creatures
  Kirke (D:11)
  A hydra (D:8)
  A two-headed ogre (D:9)
  2 orc sorcerers
  A manticore (D:12)
  A cyclops (D:12)
  2 centaur zombies
  7 trolls
  3 hornets
  3 hippogriffs
  2 dream sheep (D:8)
  A slime creature (shapeshifter) (D:13)
  4 wyverns
  Sigmund (D:5)
  3 yaks
  A wraith (D:10)
  3 hungry ghosts
  15 vampire mosquitoes
  6 hogs
  A warg (D:11)
  Menkaure (D:4)
  A soldier ant (D:13)
  An acid dragon (D:9)
  A water moccasin (D:10)
  2 black bears
  5 sky beasts
  4 ice beasts
  11 orc warriors
  3 phantoms
  11 ogres
  5 centaurs
  A crocodile (D:8)
  6 big kobolds
  9 bullfrogs
  A gnoll sergeant (D:7)
  A wyvern skeleton (D:12)
  3 jellies
  3 scorpions
  3 killer bees (D:12)
  4 wights (D:12)
  3 howler monkeys
  6 crimson imps
  2 quasits
  A bullfrog zombie (D:13)
  2 gnoll shamans
  5 hounds
  18 orc wizards
  13 orc priests
  2 centaur skeletons
  2 bullfrog skeletons
  7 worker ants
  5 iguanas
  A killer bee zombie (D:6)
  A hound skeleton (D:8)
  A hound zombie (D:9)
  12 gnolls
  13 adders
  A shadow imp (D:5)
  12 white imps (D:12)
  3 worms
  2 adder skeletons
  2 dart slugs
  3 leopard geckos
  85 orcs
  4 giant cockroaches
  8 goblins
  7 hobgoblins
  4 jackals
  5 quokkas
  2 ball pythons (D:3)
  13 bats
  4 frilled lizards
  A jackal skeleton (D:4)
  21 kobolds
  A quokka skeleton (D:4)
  7 rats
414 creatures vanquished.

Vanquished Creatures (collateral kills)
  Nessos (D:13)
  Erolcha (D:9)
  A death knight (D:10)
  A troll (D:10)
  An ogre (D:9)
  A gnoll (D:10)
  An orc (D:10)
7 creatures vanquished.

Vanquished Creatures (others)
  A two-headed ogre (D:8)
  A howler monkey (D:8)
  A shadow imp (D:8)
  An orc (D:8)
  A jackal (D:8)
5 creatures vanquished.

Grand Total: 426 creatures vanquished

Notes
Turn   | Place    | Note
-------+----------+-------------------------------------------
     0 | D:1      | schets the Demonspawn Monk began the quest for the Orb.
     0 | D:1      | Reached XP level 1. HP: 18/18 MP: 1/1
   206 | D:1      | Gained mutation: You are immune to rotting. [demonic
                  | ancestry]
   206 | D:1      | Reached XP level 2. HP: 6/24 MP: 2/2
  1505 | D:1      | Gained mutation: When seriously injured, your bleeding
                  | wounds create armour. (AC +9) [demonic ancestry]
  1505 | D:1      | Reached XP level 3. HP: 15/29 MP: 3/3
  1917 | D:2      | Found a sacrificial altar of Ru.
  2305 | D:2      | Reached skill level 1 in Armour
  2381 | D:2      | Gained mutation: You may emit foul miasma when damaged in
                  | melee. [demonic ancestry]
  2381 | D:2      | Reached XP level 4. HP: 21/37 MP: 4/4
  3954 | D:4      | Gained mutation: When seriously injured, your bleeding
                  | wounds create thick armour. (AC +9) [demonic ancestry]
  3954 | D:4      | Reached XP level 5. HP: 35/42 MP: 5/5
  4831 | D:4      | Noticed an ogre
  4848 | D:4      | Killed an ogre
  4848 | D:4      | Reached XP level 6. HP: 10/49 MP: 6/6
  5230 | D:4      | Found a stormy altar of Qazlal.
  5238 | D:4      | Became a worshipper of Qazlal Stormbringer
  5238 | D:4      | Reached * piety under Qazlal
  5238 | D:4      | Reached ** piety under Qazlal
  5513 | D:4      | Reached skill level 5 in Fighting
  5513 | D:4      | Reached skill level 1 in Invocations
  5888 | D:5      | Entered Level 5 of the Dungeon
  5895 | D:5      | Gained mutation: You have a pair of small horns on your
                  | head. [demonic ancestry]
  5895 | D:5      | Reached XP level 7. HP: 40/56 MP: 8/8
  5927 | D:5      | Found Syon's Magic Scroll Boutique.
  6216 | D:5      | Reached skill level 5 in Unarmed Combat
  6366 | D:5      | Found a staircase to the Ecumenical Temple.
  6409 | D:5      | Noticed Sigmund
  6417 | D:5      | Noticed Menkaure
  6641 | D:4      | Killed Menkaure
  6857 | D:5      | Killed Sigmund
  6857 | D:5      | Reached XP level 8. HP: 64/64 MP: 9/11
  7230 | D:6      | Found an ancient bone altar of Kikubaaqudgha.
  7305 | D:6      | Reached skill level 5 in Invocations
  8389 | D:7      | Gained mutation: You regenerate a little health from kills.
                  | [demonic ancestry]
  8389 | D:7      | Reached XP level 9. HP: 51/72 MP: 13/13
  8669 | D:7      | Found Liv Defa's Gadget Shoppe.
  8946 | D:8      | Reached *** piety under Qazlal
  9129 | D:8      | Found a roughly hewn altar of Beogh.
  9244 | D:8      | Killed a two-headed ogre
  9251 | D:8      | Found a burning altar of Makhleb.
  9327 | D:8      | Reached skill level 5 in Dodging
  9542 | D:8      | Reached **** piety under Qazlal
  9549 | D:8      | Found a shimmering altar of Xom.
  9679 | D:8      | Reached XP level 10. HP: 53/80 MP: 16/16
  9729 | D:8      | Noticed a three-headed hydra
  9750 | D:8      | Killed a three-headed hydra
 10127 | D:8      | Paralysed by a hornet for 3 turns
 10586 | D:9      | Noticed a two-headed ogre
 10595 | D:9      | Killed a two-headed ogre
 10595 | D:9      | Reached skill level 5 in Armour
 10837 | D:9      | Noticed Erolcha
 10847 | D:9      | Killed Erolcha
 11299 | D:9      | Paralysed by a hornet for 1 turns
 11309 | D:9      | Reached skill level 10 in Invocations
 11558 | D:9      | Gained mutation: You regenerate health from kills. [demonic
                  | ancestry]
 11558 | D:9      | Reached XP level 11. HP: 19/89 MP: 18/18
 12112 | D:9      | Found the +3 robe of Clouds {+Thunder rCloud rElec}
 12240 | D:10     | Entered Level 10 of the Dungeon
 12333 | D:10     | Found a staircase to the Lair.
 12627 | D:10     | Found a white marble altar of Elyvilon.
 13076 | D:11     | Found Luteish's Elemental Accessories.
 13084 | D:11     | Bought a lamp of fire for 560 gold pieces
 13092 | D:11     | Noticed a death knight
 13095 | D:11     | Noticed a phantasmal warrior
 13096 | D:11     | Noticed a phantasmal warrior
 13456 | D:10     | Killed a death knight
 13456 | D:10     | Reached skill level 10 in Fighting
 13470 | D:10     | Reached skill level 1 in Evocations
 14501 | D:11     | Found a staircase to the Orcish Mines.
 15086 | D:12     | Noticed Kirke
 15115 | D:12     | Noticed a lindwurm
 16109 | D:11     | Killed Kirke
 16644 | D:12     | Reached XP level 12. HP: 99/99 MP: 15/20
 17446 | D:13     | Reached skill level 10 in Unarmed Combat
 17508 | Orc:1    | Entered Level 1 of the Orcish Mines
 17804 | Orc:1    | Noticed an orc warlord
 20029 | D:13     | Noticed Nessos
 20045 | D:13     | Killed Nessos
 20734 | D:14     | Found a shadowy altar of Dithmenos.
 20869 | D:14     | Slain by a freezing wraith

Levels and vault maps discovered:
D:1:      co_arrival_hexagon_in_a_hexagon, layout_loops_ring, serial_glass,
          glass_columns_a, glass_columns_a, glass_columns_b, glass_columns_a,
          glass_columns_b, glass_columns_b, glass_columns_c, glass_columns_a,
          glass_columns_c, glass_columns_a
D:2:      layout_rooms, nicolae_overflow_crystal_walls, first_ration,
          minivault_11
D:3:      layout_basic
D:4:      layout_cave_pods, overflow_temple_1_default, st_stairs_8
D:5:      layout_cave_pools, minmay_temple_entry_proselytizer, serial_shops,
          shop, uniq_sigmund, uniq_menkaure
D:6:      layout_cave_pools, lemuel_doored_altar
D:7:      layout_loops_ring, serial_shops,
          nicolae_shop_temple_entry_statues_fountains
D:8:      layout_basic, kennysheep_mini, special_room [special_room_orc],
          hangedman_ranch [blue_anna_fruit_fields], xom_confusion_cloud
D:9:      minmay_the_grid_net [minmay_the_grid_expand,
          minmay_the_grid_outer_circle, minmay_the_grid_minigrid_medium,
          minmay_the_grid_fan, minmay_the_grid_diamond_grid,
          minmay_the_grid_prize_shrinking_boxes], layout_rooms, uniq_erolcha
D:10:     layout_gridville, lair_entry_dummy, elyvilon_altar_3
D:11:     layout_loops_ring, orc_0_dummy, nicolae_elemental_shop
D:12:     layout_gridville, special_room [special_room_orc],
          portal_ice_cave_entry_imps, uniq_kirke
D:13:     layout_long_grid, kennysheep_decorative_pillar, uniq_nessos
D:14:     layout_roguey, erik_vaults_2, trove_entry_hex_spiral,
          serial_co_window_serial, co_window_paths_a, co_window_paths_a,
          co_window_paths_b, co_window_paths_b, co_window_corner_a,
          co_window_corner_b, co_window_corner_ca, co_window_of_opportunity_b,
          co_window_unsneaky_path_c, co_window_4corner_a, glass_columns_a,
          glass_columns_b, glass_columns_b, glass_columns_a,
          nicolae_dithmenos_the_darkroom
Orc:1:    layout_diamond_mine, mines2_david

Skill      XL: |  1  2  3  4  5  6  7  8  9 10 11 12 |
---------------+-------------------------------------+-----
Unarmed Combat | 3 4 5 6 7 8 9 10 | 10.5
Dodging        | 3 4 5 6 7 |  7.5
Armour         | 1 2 3 4 5 6 7 |  7.0
Fighting       | 4 5 6 7 8 9 10 11 | 11.4
Invocations    | 2 4 6 8 10 11 | 11.4
Evocations     | 2 4 |  4.0
Stealth        | |  1.7

Action                   |  1- 3 |  4- 6 |  7- 9 | 10-12 || total
-------------------------+-------+-------+-------+-------++-------
Melee: Unarmed           |   160 |   253 |   401 |   942 ||  1756
       Punch             |     2 |     2 |    14 |    34 ||    52
       Headbutt          |       |       |    99 |   214 ||   313
Throw: Dart              |       |       |       |     2 ||     2
Invok: Upheaval          |       |       |     3 |     8 ||    11
       Elemental Force   |       |       |       |     6 ||     6
Evoke: Wand              |       |       |     2 |    20 ||    22
       Lamp of fire      |       |       |       |     1 ||     1
  Use: Scroll            |       |       |     7 |    11 ||    18
       Potion            |       |       |       |     4 ||     4
 Stab: Sleeping          |     4 |     2 |       |       ||     6
       Distracted        |       |       |       |     1 ||     1
  Eat: Chunk             |     5 |    11 |    12 |    22 ||    50
       Ration            |       |       |       |     8 ||     8
Armor: Robe              |    57 |       |       |       ||    57
       Leather armour    |     9 |    28 |       |       ||    37
       Scale mail        |       |    63 |   126 |       ||   189
       Chain mail        |       |       |    12 |   264 ||   276
       Skin              |       |       |       |     2 ||     2
       Plate armour      |       |       |       |   260 ||   260
Dodge: Dodged            |   132 |   117 |   210 |   460 ||   919
       Deflected         |       |       |     1 |     9 ||    10
Block: Other             |       |     3 |    49 |   200 ||   252

Table legend:
 A = Non-vault XP
 B = Vault XP
 C = Vault XP percentage of total XP
 D = Non-vault monster count
 E = Vault monster count
 F = Vault count percentage of total count
                 A         B        C        D         E       F
            +---------+---------+-------+---------+---------+-------
      Total |   21421 |   10632 |  33.2 |     324 |      97 |  23.0
            +---------+---------+-------+---------+---------+-------
        D:1 |      43 |       0 |   0.0 |      25 |       0 |   0.0
        D:2 |      56 |       0 |   0.0 |      18 |       0 |   0.0
        D:3 |     127 |       0 |   0.0 |      27 |       0 |   0.0
        D:4 |     532 |     166 |  23.8 |      18 |       2 |  10.0
        D:5 |     572 |     249 |  30.3 |      15 |       2 |  11.8
        D:6 |     438 |       0 |   0.0 |      14 |       0 |   0.0
        D:7 |     811 |       0 |   0.0 |      19 |       0 |   0.0
        D:8 |    1006 |    3029 |  75.1 |      27 |      38 |  58.5
        D:9 |    2239 |    2368 |  51.4 |      22 |      15 |  40.5
       D:10 |    2716 |       0 |   0.0 |      31 |       0 |   0.0
       D:11 |    4307 |    2824 |  39.6 |      33 |       5 |  13.2
       D:12 |    3523 |    1169 |  24.9 |      34 |      34 |  50.0
       D:13 |    3272 |     827 |  20.2 |      32 |       1 |   3.0
       D:14 |    1190 |       0 |   0.0 |       5 |       0 |   0.0
      Orc:1 |     589 |       0 |   0.0 |       4 |       0 |   0.0
            +---------+---------+-------+---------+---------+-------
